TOP OF THE 1ST |
Cincinnati Pride batting - Pitching for Lee's Summit Tigers : LHP António Ruíz
|
Pitching: LHP António Ruíz
|
|
Batting: SHB Jaime Martínez
|
0-0: Ground out 6-3 (Groundball, 6)
|
Batting: RHB George Martin
|
0-0: Foul Ball, location: 2F 0-1: Swinging Strike 0-2: Ball 1-2: Ball 2-2: Foul Ball, location: 2F 2-2: Ball 3-2: Base on Balls
|
Batting: LHB John Clark
|
0-0: Ball 1-0: Fly out, F7 (Line Drive, 78M)
|
Batting: LHB Gabriel Aragón
|
0-0: Ground out 4-3 (Groundball, 34)
|
Top of the 1st over - 0 run(s), 0 hit(s), 0 error(s), 1 left on base; Cincinnati 0 - Lee's Summit 0 |
BOTTOM OF THE 1ST |
Lee's Summit Tigers batting - Pitching for Cincinnati Pride : RHP Roberto Cordero
|
Pitching: RHP Roberto Cordero
|
|
Batting: LHB Darren Holland
|
0-0: Swinging Strike 0-1: Ball 1-1: SINGLE (Groundball, 4) (infield hit)
|
Batting: RHB Jesús Ramos
|
0-0: Foul Ball, location: 2F 0-1: Ball 1-1: Ball 2-1: Called Strike 2-2: Ball 3-2: Strikes out swinging
|
Batting: RHB Rusty Bennett
|
0-0: Called Strike 0-1: Ball 1-1: Ball 2-1: Ball 3-1: Called Strike 3-2: Foul Ball, location: 2F 3-2: Foul Ball, location: 2F 3-2: Base on Balls Darren Holland to second
|
Batting: SHB Juan Glaviz
|
0-0: Called Strike 0-1: Ball 1-1: Hit by Pitch Darren Holland to third Rusty Bennett to second
|
Batting: RHB Jorge Barbosa
|
0-0: DOUBLE (Line Drive, 7LM) Darren Holland scores Rusty Bennett scores Juan Glaviz to third
|
Pinch Runner at 2nd Daniel Rincón:
|
|
Batting: RHB Steven Wright
|
0-0: Ball 1-0: Called Strike 1-1: Called Strike 1-2: Foul Ball, location: 2F 1-2: Ball 2-2: SINGLE (Groundball, 4D) Juan Glaviz scores Daniel Rincón to third Runner from 3rd tries for Home, SAFE, no throw
|
Batting: RHB Augusto Pérez
|
0-0: Ball 1-0: Called Strike 1-1: Called Strike 1-2: Foul Ball, location: 2F 1-2: Reached on error, E6 (Groundball, 6) Steven Wright to second
|
Batting: LHB Dale Miller
|
0-0: Ball 1-0: Ball 2-0: Called Strike 2-1: Ball 3-1: Fielders Choice at 2nd, 1-6 (Groundball, 13S) Steven Wright to third
|
Batting: RHB Kyle Baylor
|
0-0: Ball 1-0: Ball 2-0: Foul Ball, location: 2F 2-1: Ball 3-1: Called Strike 3-2: Foul Ball, location: 2F 3-2: Base on Balls Dale Miller to second
|
Batting: LHB Darren Holland
|
0-0: Foul Ball, location: 2F 0-1: Ball 1-1: Ball 2-1: Foul Ball, location: 2F 2-2: Ground out 3-1 (Groundball, 34)
|
Bottom of the 1st over - 4 run(s), 3 hit(s), 1 error(s), 3 left on base; Cincinnati 0 - Lee's Summit 4 |
TOP OF THE 2ND |
Cincinnati Pride batting - Pitching for Lee's Summit Tigers : LHP António Ruíz
|
Now in RF: Daniel Rincón
|
|
Batting: RHB Roger Rush
|
0-0: Called Strike 0-1: Ball 1-1: Called Strike 1-2: Foul Ball, location: 2F 1-2: Strikes out swinging
|
Batting: RHB Keith Sheehan
|
0-0: Ball 1-0: Foul Ball, location: 2F 1-1: Ball 2-1: Foul Ball, location: 2F 2-2: Strikes out swinging
|
Batting: RHB Jorge Flores
|
0-0: Fly out, F8 (Flyball, 8RM)
|
Top of the 2nd over - 0 run(s), 0 hit(s), 0 error(s), 0 left on base; Cincinnati 0 - Lee's Summit 4 |
BOTTOM OF THE 2ND |
Lee's Summit Tigers batting - Pitching for Cincinnati Pride : RHP Roberto Cordero
|
Batting: RHB Jesús Ramos
|
0-0: Swinging Strike 0-1: Swinging Strike 0-2: Foul Ball, location: 2F 0-2: Strikes out swinging
|
Batting: RHB Rusty Bennett
|
0-0: Called Strike 0-1: Swinging Strike 0-2: Strikes out swinging
|
Batting: SHB Juan Glaviz
|
0-0: Called Strike 0-1: Ball 1-1: Ball 2-1: Ball 3-1: Base on Balls
|
Batting: LHB Daniel Rincón
|
0-0: Ground out 1-3 (Groundball, 13S)
|
Bottom of the 2nd over - 0 run(s), 0 hit(s), 0 error(s), 1 left on base; Cincinnati 0 - Lee's Summit 4 |
TOP OF THE 3RD |
Cincinnati Pride batting - Pitching for Lee's Summit Tigers : LHP António Ruíz
|
Batting: RHB Gary Miller
|
0-0: Foul Ball, location: 2F 0-1: Ball 1-1: Called Strike 1-2: Ball 2-2: Ball 3-2: Base on Balls
|
Batting: SHB Jorge Maldonado
|
0-0: Foul Ball, location: 2F 0-1: Ball 1-1: Ball 2-1: Swinging Strike 2-2: Strikes out swinging
|
Batting: SHB Jaime Martínez
|
0-0: Foul Ball, location: 2F 0-1: Hit by Pitch Gary Miller to second
|
Batting: RHB George Martin
|
0-0: Ball 1-0: Ball 2-0: Ball 3-0: Base on Balls Gary Miller to third Jaime Martínez to second
|
Batting: LHB John Clark
|
0-0: Called Strike 0-1: Ball 1-1: Ball 2-1: Swinging Strike 2-2: Ball 3-2: Base on Balls Gary Miller scores Jaime Martínez to third George Martin to second
|
Batting: LHB Gabriel Aragón
|
0-0: Ball 1-0: Swinging Strike 1-1: Fielders Choice at 2nd, 4-6 (Groundball, 4) Jaime Martínez scores George Martin to third
|
Batting: RHB Roger Rush
|
0-0: Ball 1-0: Called Strike 1-1: Ball 2-1: Swinging Strike Pickoff Throw to First - Out!
|
Top of the 3rd over - 2 run(s), 0 hit(s), 0 error(s), 0 left on base; Cincinnati 2 - Lee's Summit 4 |
BOTTOM OF THE 3RD |
Lee's Summit Tigers batting - Pitching for Cincinnati Pride : RHP Roberto Cordero
|
Batting: RHB Steven Wright
|
0-0: Foul Ball, location: 2F 0-1: SINGLE (Groundball, 15) (infield hit)
|
Batting: RHB Augusto Pérez
|
0-0: Foul Ball, location: 2F 0-1: Foul Ball, location: 2F 0-2: Foul Ball, location: 2F 0-2: Foul Ball, location: 2F 0-2: Ball 1-2: Ball 2-2: Foul Ball, location: 2F 2-2: Foul Ball, location: 2F 2-2: Ball 3-2: Foul Ball, location: 2F 3-2: Base on Balls Steven Wright to second
|
Batting: LHB Dale Miller
|
0-0: Ball 1-0: SINGLE (Line Drive, 6MD) Steven Wright to third Augusto Pérez to second
|
Batting: RHB Kyle Baylor
|
0-0: Called Strike 0-1: Foul Ball, location: 2F 0-2: Ball 1-2: Foul Ball, location: 2F 1-2: SINGLE (Line Drive, 9LS) Steven Wright scores Augusto Pérez to third Dale Miller to second
|
Batting: LHB Darren Holland
|
0-0: Ball 1-0: Fielders Choice at 2nd, 3-6 (Groundball, 34) Augusto Pérez scores Dale Miller to third
|
Pitching: RHP Basilio Bea
|
|
Batting: RHB Jesús Ramos
|
0-0: Ball 1-0: Ball 2-0: Fly out, F8 (Flyball, 8LD) Runner from 3rd tags up, SCORES, no throw
|
Batting: RHB Rusty Bennett
|
0-0: Foul Ball, location: 2F 0-1: Ball 1-1: Fly out, F7 (Flyball, 78S)
|
Bottom of the 3rd over - 3 run(s), 3 hit(s), 0 error(s), 1 left on base; Cincinnati 2 - Lee's Summit 7 |
TOP OF THE 4TH |
Cincinnati Pride batting - Pitching for Lee's Summit Tigers : LHP António Ruíz
|
Batting: RHB Roger Rush
|
0-0: Ball 1-0: Ball 2-0: Called Strike 2-1: Ball 3-1: Fly out, F8 (Flyball, 8RM)
|
Batting: RHB Keith Sheehan
|
0-0: Ball 1-0: Swinging Strike 1-1: Foul Ball, location: 2F 1-2: Ball 2-2: Foul Ball, location: 2F 2-2: Fly out, F8 (Flyball, 8LD)
|
Batting: RHB Jorge Flores
|
0-0: Ball 1-0: Foul Ball, location: 2F 1-1: Fly out, F8 (Flyball, 8RD)
|
Top of the 4th over - 0 run(s), 0 hit(s), 0 error(s), 0 left on base; Cincinnati 2 - Lee's Summit 7 |
BOTTOM OF THE 4TH |
Lee's Summit Tigers batting - Pitching for Cincinnati Pride : RHP Basilio Bea
|
Batting: SHB Juan Glaviz
|
0-0: Ground out 3-1 (Groundball, 34)
|
Pitching: RHP Pedro Ayala
|
|
Batting: LHB Daniel Rincón
|
0-0: Ball 1-0: Ball 2-0: Called Strike 2-1: DOUBLE (Line Drive, 89M)
|
Batting: RHB Steven Wright
|
0-0: Called Strike 0-1: Ball Wild Pitch! Daniel Rincón to third 1-1: Foul Ball, location: 2F 1-2: Foul Ball, location: 2F 1-2: Ball 2-2: Ball 3-2: Base on Balls
|
Batting: RHB Augusto Pérez
|
0-0: Fly out, F4 (Popup, 34D)
|
Batting: LHB Dale Miller
|
0-0: Foul Ball, location: 2F 0-1: Fielders Choice at 2nd, 6-4 (Groundball, 6)
|
Bottom of the 4th over - 0 run(s), 1 hit(s), 0 error(s), 1 left on base; Cincinnati 2 - Lee's Summit 7 |
TOP OF THE 5TH |
Cincinnati Pride batting - Pitching for Lee's Summit Tigers : LHP António Ruíz
|
Batting: RHB Gary Miller
|
0-0: Ball 1-0: Swinging Strike 1-1: Swinging Strike 1-2: Strikes out swinging
|
Batting: SHB Jorge Maldonado
|
0-0: Ball 1-0: Fly out, F8 (Flyball, 8RM)
|
Batting: SHB Jaime Martínez
|
0-0: Called Strike 0-1: Swinging Strike 0-2: Ball 1-2: Strikes out swinging
|
Top of the 5th over - 0 run(s), 0 hit(s), 0 error(s), 0 left on base; Cincinnati 2 - Lee's Summit 7 |
BOTTOM OF THE 5TH |
Lee's Summit Tigers batting - Pitching for Cincinnati Pride : RHP Pedro Ayala
|
Batting: RHB Kyle Baylor
|
0-0: Ground out 5-3 (Groundball, 56)
|
Batting: LHB Darren Holland
|
0-0: Called Strike 0-1: Ball 1-1: Ball 2-1: Ball 3-1: SINGLE (Line Drive, 4D)
|
Batting: RHB Jesús Ramos
|
0-0: Called Strike 0-1: Fielders Choice at 2nd, 6-4 (Groundball, 6)
|
Batting: RHB Rusty Bennett
|
0-0: Fly out, F9 (Flyball, 9S)
|
Bottom of the 5th over - 0 run(s), 1 hit(s), 0 error(s), 1 left on base; Cincinnati 2 - Lee's Summit 7 |
TOP OF THE 6TH |
Cincinnati Pride batting - Pitching for Lee's Summit Tigers : LHP António Ruíz
|
Batting: RHB George Martin
|
0-0: Called Strike 0-1: Ball 1-1: Foul Ball, location: 2F 1-2: Strikes out looking
|
Batting: LHB John Clark
|
0-0: Fly out, F8 (Flyball, 8LM)
|
Batting: LHB Gabriel Aragón
|
0-0: Swinging Strike 0-1: Foul Ball, location: 2F 0-2: Foul Ball, location: 2F 0-2: Fly out, F8 (Flyball, 8LXD)
|
Top of the 6th over - 0 run(s), 0 hit(s), 0 error(s), 0 left on base; Cincinnati 2 - Lee's Summit 7 |
BOTTOM OF THE 6TH |
Lee's Summit Tigers batting - Pitching for Cincinnati Pride : RHP Pedro Ayala
|
Batting: SHB Juan Glaviz
|
0-0: Ground out 3-1 (Groundball, 34)
|
Batting: LHB Daniel Rincón
|
0-0: Ball 1-0: Foul Ball, location: 2F 1-1: Ball 2-1: Ball 3-1: Fly out, F7 (Flyball, 7)
|
Batting: RHB Steven Wright
|
0-0: Ball 1-0: Called Strike 1-1: Ground out 5-3 (Groundball, 56S)
|
Bottom of the 6th over - 0 run(s), 0 hit(s), 0 error(s), 0 left on base; Cincinnati 2 - Lee's Summit 7 |
TOP OF THE 7TH |
Cincinnati Pride batting - Pitching for Lee's Summit Tigers : LHP António Ruíz
|
Pitching: RHP Luis López
|
|
Batting: RHB Roger Rush
|
0-0: Ball 1-0: Ball 2-0: Foul Ball, location: 2F 2-1: Foul Ball, location: 2F 2-2: Foul Ball, location: 2F 2-2: Fly out, F8 (Flyball, 8RS)
|
Batting: RHB Keith Sheehan
|
0-0: Fly out, F8 (Flyball, 8LM)
|
Batting: RHB Jorge Flores
|
0-0: Ball 1-0: Ball 2-0: Foul Ball, location: 2F 2-1: Ball 3-1: Base on Balls
|
Batting: RHB Gary Miller
|
0-0: Ball 1-0: Foul Ball, location: 2F 1-1: Ball 2-1: Foul Ball, location: 2F 2-2: Strikes out swinging
|
Top of the 7th over - 0 run(s), 0 hit(s), 0 error(s), 1 left on base; Cincinnati 2 - Lee's Summit 7 |
BOTTOM OF THE 7TH |
Lee's Summit Tigers batting - Pitching for Cincinnati Pride : RHP Pedro Ayala
|
Pitching: RHP Sam Mathis
|
|
Batting: RHB Augusto Pérez
|
0-0: Ball 1-0: Foul Ball, location: 2F 1-1: Swinging Strike 1-2: Strikes out looking
|
Batting: LHB Dale Miller
|
0-0: Called Strike 0-1: Ball 1-1: Ball 2-1: Ball 3-1: Base on Balls
|
Batting: RHB Kyle Baylor
|
0-0: Swinging Strike 0-1: Ball 1-1: Foul Ball, location: 2F 1-2: Grounds into double play, 6-4-3 (Groundball, 56)
|
Bottom of the 7th over - 0 run(s), 0 hit(s), 0 error(s), 0 left on base; Cincinnati 2 - Lee's Summit 7 |
TOP OF THE 8TH |
Cincinnati Pride batting - Pitching for Lee's Summit Tigers : RHP Luis López
|
Now at 1B: Dudley Cooper
|
|
Batting: SHB Jorge Maldonado
|
0-0: Fly out, F9 (Flyball, 9LM)
|
Batting: SHB Jaime Martínez
|
0-0: Ball 1-0: SINGLE (Line Drive, 6D)
|
Batting: RHB George Martin
|
0-0: Swinging Strike 0-1: Ball 1-1: Ball 2-1: Ball 3-1: DOUBLE (Flyball, 89XD) Jaime Martínez to third Runner from 3rd tries for Home, SAFE, no throw
|
Batting: LHB John Clark
|
0-0: Ball 1-0: Called Strike 1-1: Foul Ball, location: 2F 1-2: Strikes out swinging
|
Batting: LHB Gabriel Aragón
|
0-0: Ball 1-0: Ball 2-0: Ground out U3 (Groundball, 3L)
|
Top of the 8th over - 1 run(s), 2 hit(s), 0 error(s), 1 left on base; Cincinnati 3 - Lee's Summit 7 |
BOTTOM OF THE 8TH |
Lee's Summit Tigers batting - Pitching for Cincinnati Pride : RHP Sam Mathis
|
Batting: LHB Darren Holland
|
0-0: Called Strike 0-1: Foul Ball, location: 2F 0-2: Ball 1-2: Ball 2-2: Ground out 6-3 (Groundball, 6)
|
Batting: RHB Jesús Ramos
|
0-0: Called Strike 0-1: Ball 1-1: Fly out, F7 (Line Drive, 78M)
|
Batting: RHB Rusty Bennett
|
0-0: Ball 1-0: Swinging Strike 1-1: Ball 2-1: Ball 3-1: Called Strike 3-2: Base on Balls
|
Batting: SHB Juan Glaviz
|
0-0: Called Strike 0-1: Fielders Choice at 2nd, 4-6 (Groundball, 4)
|
Bottom of the 8th over - 0 run(s), 0 hit(s), 0 error(s), 0 left on base; Cincinnati 3 - Lee's Summit 7 |
TOP OF THE 9TH |
Cincinnati Pride batting - Pitching for Lee's Summit Tigers : RHP Luis López
|
Batting: RHB Roger Rush
|
0-0: Foul Ball, location: 2F 0-1: Ground out 5-3 (Groundball, 56)
|
Batting: RHB Keith Sheehan
|
0-0: Ball 1-0: Ball 2-0: Called Strike 2-1: Ball 3-1: Base on Balls
|
Batting: RHB Jorge Flores
|
0-0: Hit by Pitch Keith Sheehan to second
|
Pitching: RHP Javier Pacheco
|
|
Batting: RHB Gary Miller
|
0-0: Foul Ball, location: 2F 0-1: Ball 1-1: Ball 2-1: Called Strike 2-2: Ball 3-2: Base on Balls Keith Sheehan to third Jorge Flores to second
|
Pinch Hitting: LHB Carl Hayden
|
0-0: Ball 1-0: Ball 2-0: Called Strike 2-1: SINGLE (Groundball, 34D) Keith Sheehan scores Jorge Flores to third Gary Miller to second Runner from 3rd tries for Home, SAFE, throw made home Gary Miller to third Carl Hayden to second
|
Pinch Hitting: RHB Elliott Horn
|
0-0: Called Strike 0-1: Ball 1-1: Ball 2-1: Foul Ball, location: 2F 2-2: Foul Ball, location: 2F 2-2: Ball 3-2: Base on Balls
|
Pinch Hitting: RHB Jorge Silva
|
0-0: Ball 1-0: Foul Ball, location: 2F 1-1: Swinging Strike 1-2: Ball 2-2: Fielders Choice at 3rd, U5 (Groundball, 5L) Gary Miller scores Elliott Horn to second
|
Pinch Runner at 2nd Jorge Hernández:
|
|
Batting: LHB John Clark
|
0-0: Called Strike 0-1: Swinging Strike 0-2: Strikes out swinging
|
Top of the 9th over - 3 run(s), 1 hit(s), 0 error(s), 2 left on base; Cincinnati 6 - Lee's Summit 7 |
|